 Dungeon Crawl Stone Soup version 0.30-a0-799-g109b55a442 (webtiles) character file.

Game seed: 13634932655170874827

2395 blahman3 the Cleaver (level 9, -4/79 HPs)
             Began as a Minotaur Fighter on Feb 21, 2023.
             Was an Initiate of Gozag.
             Slain by a vampire mosquito (9 damage)
             ... on level 10 of the Dungeon.
             The game lasted 00:46:46 (7272 turns).

blahman3 the Cleaver (Minotaur Fighter)             Turns: 7272, Time: 00:46:47

Health: -4/79      AC: 14    Str: 24    XL:     9   Next: 22%
Magic:  8/8        EV:  4    Int:  5    God:    Gozag
Gold:   723        SH: 15    Dex: 17    Spells: 8/8 levels left

rFire   . . .      SeeInvis .    a - +0 war axe
rCold   . . .      Faith    .    C - +0 tower shield
rNeg    . . .      Spirit   .    k - +1 plate armour
rPois   .          Reflect  .    (helmet restricted)
rElec   .          Harm     .    e - scarf {+Inv}
rCorr   .          Rampage  .    (no gloves)
Will    .....                    (no boots) Stlth
                                 j - amulet of the acrobat
HPRegen 0.33/turn                v - +6 ring of dexterity
MPRegen 0.11/turn                (no ring)

@: no status effects
A: horns 2, retaliatory headbutt
a: Renounce Religion, Evoke Invisibility, Potion Petition, Call Merchant, Bribe
Branch


You were on level 10 of the Dungeon.
You worshipped Gozag.
Gozag was pleased with you.
You visited 1 branch of the dungeon, and saw 10 of its levels.

You collected 760 gold pieces.
You paid 37 gold pieces to Gozag.

Inventory:

Hand Weapons
 a - a +0 war axe (weapon)
 f - a +2 antimagic dagger
 r - a +1 short sword of venom
Missiles
 d - 14 boomerangs (quivered)
 D - a throwing net
Armour
 c - a +0 buckler
 e - a scarf of invisibility (worn)
 k - a +1 plate armour (worn)
 C - a +0 tower shield (worn)
Jewellery
 j - an amulet of the acrobat (around neck)
 v - a +6 ring of dexterity (left hand)
Wands
 m - a wand of acid (7)
 o - a wand of iceblast (8)
 z - a wand of charming (9)
Scrolls
 g - 4 scrolls of teleportation
 i - 2 scrolls of fog
 l - a scroll of poison
 n - 3 scrolls of amnesia
 s - a scroll of blinking
 t - a scroll of vulnerability
 w - a scroll of enchant weapon {unknown}
 x - a scroll of torment {unknown}
 y - 2 scrolls of brand weapon {unknown}
 A - a scroll of identify
Potions
 b - 4 potions of flight
 h - a potion of heal wounds
 p - 2 potions of curing
 q - 2 potions of berserk rage
 u - 3 potions of magic
 B - a potion of degeneration {unknown}


   Skills:
 + Level 7.2 Fighting
 + Level 10.1 Axes
 + Level 8.3 Armour
 + Level 1.1 Dodging
 + Level 1.3 Stealth
 + Level 5.8 Shields
 + Level 0.1 Evocations


You had 8 spell levels left.
You didn't know any spells.
Your spell library contained the following spells:

 Spells                   Type           Power      Damage    Failure   Level
 Beastly Appendage        Tmut           0%         N/A       100%        1
 Wereblood                Tmut           0%         N/A       100%        2
 Spider Form              Tmut/Pois      0%         N/A       100%        3


Dungeon Overview and Level Annotations

Branches:
Dungeon (11/15)            Temple (0/1) D:7
   Lair: D:8-11         Orc: D:9-12

Altars:
Dithmenos
Elyvilon
Fedhas
Gozag
Nemelex Xobeh
Qazlal
Ru
Uskayaw
Vehumet
Zin
The Shining One

Shops:
D:2 [   D:3 :

Annotations:
D:7 2 runed translucent doors
D:11 1 runed translucent door


Innate Abilities, Weirdness & Mutations

You have a pair of horns on your head.
You reflexively headbutt those who attack you in melee.


Message History

* * * LOW HITPOINT WARNING * * *
The vampire mosquito draws strength from your injuries!
Blink to where?
Press: ? - help, Dir - move target
As you read the scroll of blinking, it crumbles to dust.
The vampire mosquito bites you but does no damage.
The vampire mosquito attacks as you move away!
You block the vampire mosquito's attack. x2
The vampire mosquito completely misses you.
You furiously retaliate!
You headbutt the vampire mosquito! The vampire mosquito bites you.
* * * LOW HITPOINT WARNING * * *
The vampire mosquito draws strength from your injuries!
You block the vampire mosquito's attack. x2
You block the vampire mosquito's attack.
The vampire mosquito closely misses you.
You furiously retaliate!
You headbutt the vampire mosquito!
The vampire mosquito attacks as you move away!
The vampire mosquito bites you!
* * * LOW HITPOINT WARNING * * *
The vampire mosquito draws strength from your injuries!
You block the vampire mosquito's attack. x2
There is a stone staircase leading down here.
You block the vampire mosquito's attack. x2
The vampire mosquito bites you but does no damage.
You block the vampire mosquito's attack.
You climb downwards.
Level annotation: 1 runed translucent door
There is a stone staircase leading up here.
The vampire mosquito bites you but does no damage.
You block the vampire mosquito's attack. x2
The vampire mosquito bites you but does no damage.
You climb upwards.
There is a stone staircase leading down here.
Aiming: Charm
Press: ? - help, Shift-Dir - straight line, f - vampire mosquito
Aim: a vampire mosquito (chance to affect: 49%)
The vampire mosquito is charmed.
The vampire mosquito bites you!
You die...
Your body crumbles into a pile of gold.

######## #..
.......# #.# ##
.......#####.# .#
...........#.# .#
.......###...#####
.## ....$..#
##......## ..# .
###..###
##..#...##..#....
##.#
#...#y..........
#).
#.#..@.##...##..
##y#
#.##y...#.#....#
.# #.###...#.#
##.# y# ...
##....$ . $ .# ..?
#.#.#.# .. #...
#.....# #..
##.#... .....


You could see a vampire mosquito and a friendly vampire mosquito (charmed).

Vanquished Creatures
  3 yaks
  A vampire mosquito (D:10)
  An ice beast (D:6)
  2 ogres (D:5)
  A centaur (D:7)
  A phantom (D:4)
  A kobold brigand (D:7)
  2 bullfrogs
  2 necrophages
  3 scorpions
  4 wights (D:6)
  A hound (D:5)
  3 jellies
  2 orc priests (D:5)
  A gnoll bouda (D:8)
  7 orc wizards
  4 iguanas
  Robin (D:4)
  4 gnolls (D:8)
  An adder (D:5)
  An ufetubus (D:5)
  4 dart slugs
  27 orcs
  11 bats
  11 endoplasms
  2 giant cockroaches
  19 goblins
  7 hobgoblins
  3 jackals
  20 kobolds
  2 quokkas (D:2)
  5 ball pythons
  5 frilled lizards
  5 rats
167 creatures vanquished.

Vanquished Creatures (others)
  9 plants (D:1)
9 creatures vanquished.

Grand Total: 176 creatures vanquished

Notes
Turn   | Place    | Note
-------+----------+-------------------------------------------
     0 | D:1      | blahman3 the Minotaur Fighter began the quest for the Orb.
     0 | D:1      | Reached XP level 1. HP: 19/19 MP: 0/0
   227 | D:1      | Reached XP level 2. HP: 27/27 MP: 1/1
   818 | D:1      | Reached skill level 3 in Axes
   818 | D:1      | Reached XP level 3. HP: 32/33 MP: 2/2
  1397 | D:2      | Found Ifaesyint's Antique Armour Emporium.
  1423 | D:2      | Noticed a scorpion
  1432 | D:2      | Killed a scorpion
  1433 | D:2      | Reached skill level 4 in Axes
  1433 | D:2      | Reached XP level 4. HP: 21/40 MP: 3/3
  2065 | D:3      | Reached XP level 5. HP: 47/47 MP: 4/4
  2089 | D:3      | Found a sparkling altar of Nemelex Xobeh.
  2367 | D:3      | Found Lesmemp's Book Shoppe.
  2582 | D:4      | Noticed Robin
  2593 | D:4      | Killed Robin
  2640 | D:4      | Noticed a phantom
  2650 | D:4      | Killed a phantom
  2651 | D:4      | Reached skill level 5 in Axes
  2651 | D:4      | Reached skill level 5 in Armour
  2651 | D:4      | Reached XP level 6. HP: 43/53 MP: 5/5
  2754 | D:4      | Found a shadowy altar of Dithmenos.
  3178 | D:4      | Found an opulent altar of Gozag.
  3185 | D:4      | Became a worshipper of Gozag Ym Sagoz the Greedy
  3441 | D:4      | Found a stormy altar of Qazlal.
  3534 | D:5      | Entered Level 5 of the Dungeon
  3571 | D:5      | Reached skill level 6 in Axes
  3571 | D:5      | Reached skill level 5 in Shields
  3591 | D:5      | Reached XP level 7. HP: 44/60 MP: 6/6
  3670 | D:5      | Found a hide-covered altar of Uskayaw.
  3692 | D:5      | Noticed a yak
  3714 | D:5      | Noticed a yak
  3715 | D:5      | Killed a yak
  3715 | D:5      | Noticed a yak
  3716 | D:5      | Reached skill level 5 in Fighting
  3717 | D:5      | Reached skill level 7 in Axes
  4002 | D:3      | Killed a yak
  4003 | D:3      | Reached skill level 1 in Dodging
  4163 | D:3      | Killed a yak
  4164 | D:3      | Reached XP level 8. HP: 42/68 MP: 7/7
  4381 | D:5      | Reached skill level 8 in Axes
  5096 | D:6      | Reached skill level 9 in Axes
  5104 | D:6      | Reached skill level 1 in Stealth
  5182 | D:6      | Found a radiant altar of Vehumet.
  5394 | D:6      | Reached XP level 9. HP: 71/78 MP: 8/8
  5821 | D:7      | Found a staircase to the Ecumenical Temple.
  5882 | D:7      | Found a glowing silver altar of Zin.
  5953 | D:7      | Reached skill level 10 in Axes
  6045 | D:7      | Found a glowing golden altar of the Shining One.
  6045 | D:7      | Found a white marble altar of Elyvilon.
  6238 | D:7      | Found a blossoming altar of Fedhas.
  6246 | D:7      | Found a sacrificial altar of Ru.
  6591 | D:7      | Found a runed translucent door.
  6592 | D:7      | Found a runed translucent door.
  6592 | D:7      | Noticed a four-headed hydra
  7057 | D:8      | You fall into a shaft and drop 3 floors!
  7057 | D:11     | Found a runed translucent door.
  7218 | D:10     | Entered Level 10 of the Dungeon
  7267 | D:10     | HP: 3/79 [vampire mosquito (9)]
  7272 | D:10     | Slain by a vampire mosquito

Illustrated notes

Levels and vault maps discovered:
D:1:      dpeg_arrival_court, layout_basic, serial_bayou, serial_bayou_pond_d,
          serial_bayou_pond_d, serial_bayou_lake_a, serial_bayou_pond_b,
          serial_bayou_pond_b, minmay_misc_feat_secret_circle,
          minmay_misc_feat_rows
D:2:      layout_loops_ring, serial_shops, nicolae_shop_hallway_stairs
D:3:      layout_rooms, nemelex_dance_club_becter, serial_shops, shop
D:4:      layout_loops_corners, grunt_dithmenos_smoke_and_mirrors,
          grunt_qazlal_sundering, grunt_gozag_statues,
          hangedman_abyss_or_decor_stabs, uniq_robin
D:5:      layout_rooms, nicolae_overflow_crystal_walls
D:6:      layout_basic, mainiacjoe_overflow_boulevard, st_stairs_2
D:7:      minmay_the_grid_triangle_9x9_rhombus_full
          [minmay_the_grid_triangle_9x9_fully_insulated_deathbox,
          minmay_the_grid_triangle_9x9_checkered,
          minmay_the_grid_triangle_9x9_empty,
          minmay_the_grid_triangle_9x9_minimal,
          minmay_the_grid_triangle_9x9_sparse_checkered,
          minmay_the_grid_triangle_9x9_intruding_spiral,
          minmay_the_grid_triangle_9x9_alien,
          minmay_the_grid_triangle_9x9_prize_center], layout_loops_corners,
          amcnicky_altar_gilded, mainiacjoe_overflow_brackets,
          mainiacjoe_overflow_concentric_impassable,
          gammafunk_temple_overflow_pools
D:8:      layout_gridville, uniq_joseph
D:10:     layout_rooms, kennysheep_slug_shrine, dk_yredelemnul_ordeal
D:11:     layout_layer_cave, due_lair_maze_entry_diamond,
          ebering_ghost_reflecting_pool, uniq_erolcha, uniq_urug

Skill      XL: |  1  2  3  4  5  6  7  8  9 |
---------------+----------------------------+-----
Fighting       | 4 5 6 7 |  7.2
Armour         | 4 5 6 7 8 |  8.3
Axes           | 3 4 5 6 7 9 10 | 10.1
Shields        | 4 5 |  5.8
Dodging        | 1 |  1.1
Stealth        | 1 |  1.3
Evocations     | |  0.1

Action                     |  1- 3 |  4- 6 |  7- 9 || total
---------------------------+-------+-------+-------++-------
  Melee: War axe           |   109 |   102 |   149 ||   360
         Headbutt          |     7 |    14 |    29 ||    50
  Evoke: Wand              |       |       |     2 ||     2
    Use: Potion            |     4 |     2 |     3 ||     9
         Scroll            |       |     5 |     6 ||    11
   Stab: Distracted        |       |       |     2 ||     2
 Armour: Scale mail        |    56 |       |       ||    56
         Plate armour      |    21 |    84 |    82 ||   187
  Dodge: Dodged            |    71 |    48 |    70 ||   189
  Block: Buckler           |    29 |    33 |    33 ||    95
         Tower shield      |       |       |    56 ||    56

Table legend: (Time is in decaauts)
 A = Elapsed time spent in this place.
 B = Non-inter-level travel time spent in this place.
 C = Inter-level travel time spent in this place.
 D = Time resting spent in this place.
 E = Time spent auto-exploring this place.
 F = Levels seen in this place.
 G = Mean time per level.
                   A        B        C        D        E       F      G
               +--------+--------+--------+--------+--------+-----+--------+
         Total |   7405 |   6277 |   1128 |    950 |      0 |  10 |  740.5 |
       Dungeon |   7405 |   6277 |   1128 |    950 |      0 |  10 |  740.5 |
               +--------+--------+--------+--------+--------+-----+--------+

Top non-repeatable levels by time:
     D:4: 1382 daAuts
     D:7: 1116 daAuts
     D:1: 1092 daAuts
     D:2: 936 daAuts
     D:5: 931 daAuts
     D:3: 864 daAuts
     D:6: 650 daAuts
     D:8: 212 daAuts
    D:11: 163 daAuts
    D:10: 54 daAuts
